 Dungeon Crawl Stone Soup version 0.31.0-32-g396128a36d (webtiles) character file.

Game seed: 4553334900702149585

140 tizbic2 the Cudgeller (level 5, -6/46 HPs)
             Began as a Troll Hexslinger on Mar 25, 2024.
             Blown up by Ijyb (15 damage)
             ... with a mindburst bolt
             ... on level 3 of the Dungeon.
             The game lasted 00:06:17 (1184 turns).

tizbic2 the Cudgeller (Troll Hexslinger)            Turns: 1184, Time: 00:06:18

Health: -6/46      AC:  4    Str: 18    XL:     5   Next: 2%
Magic:  5/5        EV:  6    Int:  9    God:
Gold:   91         SH: 15    Dex: 12    Spells: 6/6 levels left

rFire   . . .        s - +0 mace
rCold   . . .        q - +0 tower shield
rNeg    . . .        c - +0 robe
rPois   .            (helmet currently unavailable)
rElec   .            h - melded +0 cloak
rCorr   .            (gloves unavailable)
SInv    .            (boots unavailable)
Will    .....        l - amulet of reflection
Stlth   +            (no ring)
HPRegen 1.07/turn    (no ring)
MPRegen 0.09/turn

%: reflection
@: beast-form
A: beast (slay +0), large, unfitting armour, claws 3, regeneration 1, shaggy fur
1, tough skin 1
a: Begin Untransformation


You were on level 3 of the Dungeon.
You were a hulking beast.
You visited 1 branch of the dungeon, and saw 4 of its levels.

You collected 91 gold pieces.

Inventory:

Hand Weapons
 a - a +1 sling
 s - a +0 mace (weapon)
Armour
 c - a +0 robe (worn)
 h - a +0 cloak (melded)
 q - a +0 tower shield (worn)
Jewellery
 l - an amulet of reflection (around neck)
Talismans
 k - a beast talisman (active)
Wands
 m - a wand of iceblast (21)
Scrolls
 b - 3 scrolls of poison
 e - 2 scrolls of identify {unknown}
 i - a scroll of fog {unknown}
 o - a scroll of vulnerability {unknown}
 r - a scroll of revelation {unknown}
Potions
 d - a potion of ambrosia
 f - a potion of curing
 g - 2 potions of degeneration {unknown}
 j - a potion of enlightenment {unknown}
 n - a potion of attraction {unknown}
 p - a potion of mutation {unknown}
 t - a potion of cancellation {unknown}


   Skills:
 - Level 0.7 Fighting
 * Level 3.1 Maces & Flails
 - Level 1.2 Ranged Weapons
 - Level 2.5 Dodging
 * Level 0.0 Shields
 - Level 1.0 Spellcasting
 - Level 2.0 Hexes
 - Level 0.6 Fire Magic
 + Level 1.5 Shapeshifting


You had 6 spell levels left.
You didn't know any spells.
Your spell library contained the following spells:

 Spells                   Type           Power      Damage    Failure   Level
 Jinxbite                 Hex            8%         N/A       97%         2
 Sigil of Binding         Hex            4%         N/A       99%         3
 Hailstorm                Conj/Ice       0%         3d5       100%        3
 Inner Flame              Hex/Fire       2%         N/A       100%        3
 Summon Ice Beast         Ice/Summ       0%         N/A       100%        3
 Cause Fear               Hex            2%         N/A       100%        4
 Dimensional Bullseye     Hex/Tloc       1%         N/A       100%        4
 Sculpt Simulacrum        Ice/Alch       0%         N/A       100%        6


Dungeon Overview and Level Annotations

Branches:
Dungeon (4/15)
 Temple: D:4-7

Altars:
Okawaru

Annotations:
D:3 Ijyb


Innate Abilities, Weirdness & Mutations

You are a hulking beast.
Your limbs bulge with bestial killing power. (Slay +0)
You are too large for most types of armour.
You have claws for hands.
Your natural rate of healing is unusually fast.
You are covered in fur. (AC +1)
You have tough skin. (AC +1)


Message History

* * * LOW HITPOINT WARNING * * *
You barely miss Ijyb.
Ijyb is heavily wounded.
Ijyb zaps a wand.
Your mind is blasted!
* * * LOW HITPOINT WARNING * * *
You barely miss Ijyb.
Ijyb is heavily wounded.
Ijyb zaps a wand.
Your mind is blasted!
* * * LOW HITPOINT WARNING * * *
Ijyb barely misses you.
It was a potion of ambrosia.
You are confused.
You feel invigorated. Ijyb hits you with a +0 dagger.
* * * LOW HITPOINT WARNING * * *
You barely miss Ijyb.
Ijyb is heavily wounded.
Ijyb hits you with a +0 dagger.
* * * LOW HITPOINT WARNING * * *
Ijyb zaps a wand.
Your mind is blasted!
* * * LOW HITPOINT WARNING * * *
You bump into the rock wall.
You feel less invigorated.
You feel less confused. You block Ijyb's attack.
You closely miss Ijyb.
Ijyb is heavily wounded.
Ijyb zaps a wand.
Your mind is blasted!
* * * LOW HITPOINT WARNING * * *
You closely miss Ijyb.
Ijyb is heavily wounded.
You block Ijyb's attack. Ijyb hits you but does no damage.
You barely miss Ijyb.
Ijyb is heavily wounded.
Ijyb closely misses you. Ijyb barely misses you.
You hit Ijyb but do no damage.
Ijyb is heavily wounded.
You block Ijyb's attack.
You hit Ijyb.
Ijyb is heavily wounded.
Ijyb zaps a wand.
Your mind is blasted!
You die...

......# .. ......#
#...~P♣♣ ..†...#
#...P~~♣ .....##### ##.#
.~P♣ ♣ .........####..#
.~~♣♣~~ .(....##.#.....#
.~P~.~P ......##.......#
..~~..~
.....####......##...P.P.
....## ##......hg......
.....# #....##......#.
...... #..............
.#..#
#<....#####...##.....
....# ..♣♣♣..# #...#
..... ....# #.♣ ~♣..
.... ....# ....# #.♣ ~~
~.. #... .... .#..##♣P
~~P ♣♣.# ##...#....#.#
.....#♣P .....##.##.#


You could see Ijyb.

Vanquished Creatures
  Jessica (D:3)
  3 orc wizards
  2 orcs
  6 endoplasms
  A giant cockroach (D:1)
  A hobgoblin (D:3)
  4 jackals (D:1)
  A quokka (D:2)
  3 ball pythons
  7 bats
  4 frilled lizards (D:1)
  4 kobolds
  3 rats
40 creatures vanquished.

Notes
Turn   | Place    | Note
-------+----------+-------------------------------------------
     0 | D:1      | tizbic2 the Troll Hexslinger began the quest for the Orb.
     0 | D:1      | Reached XP level 1. HP: 18/18 MP: 1/1
   162 | D:1      | Reached skill level 1 in Maces & Flails
   170 | D:1      | Reached XP level 2. HP: 25/26 MP: 2/2
   303 | D:1      | Found a faded altar of an unknown god.
   817 | D:2      | Found an iron altar of Okawaru.
   867 | D:3      | Noticed Jessica
   870 | D:3      | Killed Jessica
   871 | D:3      | Reached skill level 2 in Maces & Flails
   871 | D:3      | Reached XP level 3. HP: 32/32 MP: 3/3
   947 | D:4      | Reached skill level 1 in Shapeshifting
   947 | D:4      | Reached XP level 4. HP: 19/40 MP: 4/4
  1011 | D:3      | Reached skill level 3 in Maces & Flails
  1011 | D:3      | Reached XP level 5. HP: 15/46 MP: 5/5
  1133 | D:3      | Found an iron altar of Okawaru.
  1158 | D:3      | Noticed Ijyb
  1180 | D:3      | HP: 2/46 [disintegration (9)]
  1184 | D:3      | Blown up by Ijyb

Illustrated notes

Levels and vault maps discovered:
D:1:      tekkud_arrival_beachfront_property, layout_basic,
          hellmonk_ecumenical_altar_arch_garden
D:2:      layout_rooms, basic_altar
D:3:      layout_rooms, mainiacjoe_overflow_catwalk, serial_bayou,
          serial_bayou_shore_a, serial_bayou_pond_c, serial_bayou_lake_a,
          serial_bayou_pond_a, uniq_jessica, uniq_ijyb
D:4:      layout_gridville, minitemple

Skill      XL: |  1  2  3  4 |
---------------+-------------+-----
Maces & Flails | 1 2 3 |  3.1
Dodging        | 2 |  2.5
Shapeshifting  | 1 |  1.5
Fighting       | |  0.7
Ranged Weapons | |  1.2
Spellcasting   | |  1.0
Hexes          | |  2.0
Fire Magic     | |  0.6

Action                     |  1- 3 |  4- 6 || total
---------------------------+-------+-------++-------
  Melee: Sling             |       |     2 ||     2
         Mace              |       |    20 ||    20
   Fire: Sling             |   123 |    36 ||   159
    Use: Potion            |       |     3 ||     3
 Armour: Robe              |    82 |    46 ||   128
  Dodge: Dodged            |    72 |    14 ||    86
  Block: Other             |     4 |     4 ||     8
         Tower shield      |       |    20 ||    20
   Form: Beast             |     1 |       ||     1
